 Dungeon Crawl Stone Soup version 0.31-a0-564-g3b7de120b3 (webtiles) character file.

Game seed: 7340310933769303249

14212 IdlyInterested the Fighter (level 11, -7/83 (92) HPs)
             Began as a Demonspawn Fighter on Aug 17, 2023.
             Hit by a silver javelin thrown by a minotaur (21 damage)
             ... in a Gauntlet.
             The game lasted 00:46:55 (10587 turns).

IdlyInterested the Fighter (Demonspawn Fighter)    Turns: 10587, Time: 00:46:56

HP:   -7/83 (92)    AC: 14    Str: 16    XL:     11   Next: 85%
MP:   11/11         EV: 13    Int:  8    God:
Gold: 377           SH: 15    Dex: 19    Spells: 10/10 levels left

rFire   . . .        g - +3 short sword (venom)
rCold   . . .        E - +4 kite shield of the Falcon {Harm}
rNeg    . . .        A - +0 steam dragon scales
rPois   +            l - +1 hat
rElec   .            m - +1 cloak
rCorr   .            V - +1 pair of gloves of the Meadowlark {rPois Int-4 Dex+4}
SInv    +            q - +0 pair of boots
Will    .....        b - amulet "Ylinicy" {RegenMP *Slow Regen+ SInv Stlth+}
Stlth   ++++++++     j - +4 ring of slaying
HPRegen 1.13/turn    h - ring of Shadows {Umbra +Inv Stlth+}
MPRegen 0.52/turn

%: no teleportation, slow self (1%), harm (+30% outgoing, +20% incoming)
@: wreathed by umbra, drained
A: horns 2, icy blue scales 1, ignite blood 1, powered by pain 2
a: Evoke Invisibility


You were in a Gauntlet.
You visited 2 branches of the dungeon, and saw 12 of its levels.
You also visited: Gauntlet.

You collected 671 gold pieces.
You spent 294 gold pieces at shops.

Inventory:

Hand Weapons
 a - a +1 rapier of draining
 g - a +3 short sword of venom (weapon)
 y - a +2 heavy broad axe
 B - the +5 dagger "Biraniz" {pain, rCorr Dex+3 SInv}
   (You found it on level 6 of the Dungeon)

   Dex+3:     It affects your dexterity (+3).
   SInv:      It lets you see invisible.
   rCorr:     It protects you from acid and corrosion.
 F - a +0 antimagic dagger
 R - a +1 dagger of speed
Missiles
 n - 52 poisoned darts (quivered)
 x - 47 stones
 C - 5 boomerangs
 O - 5 curare-tipped darts
Armour
 c - a +0 buckler
 d - a +2 pair of gloves
 l - a +1 hat (worn)
 m - a +1 cloak (worn)
 q - a +0 pair of boots (worn)
 u - a +2 ring mail of positive energy
 A - +0 steam dragon scales (worn)
 E - the +4 kite shield of the Falcon (worn) {Harm}
   (You bought it in a shop on level 2 of the Dungeon)

   Harm:      It increases damage dealt and taken.
 V - the +1 pair of gloves of the Meadowlark (worn) {rPois Int-4 Dex+4}
   (You found it in a Gauntlet)

   Int-4:     It affects your intelligence (-4).
   Dex+4:     It affects your dexterity (+4).
   rPois:     It protects you from poison
Jewellery
 b - the amulet "Ylinicy" (around neck) {RegenMP *Slow Regen+ SInv Stlth+}
   (You acquired it on level 6 of the Dungeon)

   [amulet of magic regeneration]

   RegenMP:   It increases your rate of magic regeneration.
   SInv:      It lets you see invisible.
   Regen+:    It increases your rate of health regeneration.
   *Slow:     It may slow you when you take damage.
   Stlth+:    It makes you more stealthy.
 h - the ring of Shadows (right hand) {Umbra +Inv Stlth+}
   (You found it on level 9 of the Dungeon)

   [ring of stealth]

   Umbra:     It surrounds you with an aura of shadow, increasing your stealth
   and reducing the accuracy of all others within it.
   +Inv:      It lets you turn invisible.
   Stlth+:    It makes you more stealthy.
 i - a ring of fire
 j - a +4 ring of slaying (left hand)
 p - a +4 ring of slaying
 v - an amulet of magic regeneration
 J - an amulet of guardian spirit
 T - an amulet of regeneration
Talismans
 k - a storm talisman
 K - a flux talisman
 U - a serpent talisman
Wands
 G - a wand of light (4)
 M - a wand of flame (11)
 N - a wand of digging (6)
Scrolls
 e - 3 scrolls of poison
 f - 5 scrolls of teleportation
 o - 2 scrolls of brand weapon
 r - 2 scrolls of revelation
 s - a scroll of fear
 D - 5 scrolls of immolation
 H - 2 scrolls of identify
 I - 2 scrolls of fog
 P - a scroll of silence
Potions
 t - 2 potions of mutation
 w - 3 potions of magic
 L - a potion of enlightenment
Miscellaneous
 S - a phial of floods


   Skills:
 + Level 10.7 Fighting
 - Level 10.0 Short Blades
 - Level 1.0 Throwing
 - Level 4.0 Armour
 - Level 4.0 Dodging
 - Level 7.0 Stealth
 + Level 7.5 Shields
 - Level 4.0 Evocations
 - Level 1.0 Shapeshifting


You had 10 spell levels left.
You didn't know any spells.
Your spell library contained the following spells:

 Spells                   Type           Power      Damage    Failure   Level
 Necrotise                Necr           0%         1d4       71%         1
 Sting                    Tmut/Pois      0%         1d3       71%         1
 Poisonous Vapours        Pois/Air       0%         N/A       85%         2
 Gell's Gravitas          Tloc           0%         N/A       97%         3
 Hailstorm                Conj/Ice       0%         3d3       97%         3
 Inner Flame              Hex/Fire       0%         N/A       97%         3
 Ozocubu's Armour         Ice            0%         N/A       97%         3
 Teleport Other           Tloc           0%         N/A       97%         3
 Vampiric Draining        Necr           0%         2d6       97%         3
 Flame Wave               Conj/Fire      0%         2d4       100%        4
 Olgreb's Toxic Radiance  Pois           0%         N/A       100%        4
 Sticky Flame             Conj/Fire      0%         2d3       100%        4
 Summon Ice Beast         Ice/Summ       0%         N/A       100%        4
 Agony                    Necr           0%         N/A       100%        5
 Dispersal                Tloc           0%         N/A       100%        6
 Simulacrum               Ice/Necr       0%         N/A       100%        6
 Ozocubu's Refrigeration  Ice            0%         4d7       100%        7
 Polar Vortex             Ice            0%         N/A       100%        9


Dungeon Overview and Level Annotations

Branches:
Dungeon (11/15)            Temple (1/1) D:6            Lair (0/5) D:10
    Orc (0/2) D:9         Gauntlet (1/1)

Altars:
Ashenzari
Cheibriados
Dithmenos
Fedhas
Gozag
Hepliaklqana
Kikubaaqudgha
Makhleb
Nemelex Xobeh
Okawaru
Qazlal
Ru
Sif Muna
Trog
Uskayaw
Vehumet
Wu Jian
Xom
Yredelemnul

Shops:
D:1 :   D:2 [

Annotations:
Gauntlet 8 transporters, 2 runed translucent doors


Innate Abilities, Weirdness & Mutations

You have a pair of horns on your head.
You are partially covered in icy blue scales. (AC +2)
Your demonic aura sometimes causes spilled blood to erupt in flames.
You sometimes gain power by taking damage.


Message History

You hit the minotaur but do no damage.
The minotaur looks as sick as possible!
The minotaur is heavily wounded.
You hit the minotaur but do no damage.
The minotaur looks as sick as possible!
You headbutt the minotaur.
The minotaur is heavily wounded.
The minotaur hits you with a +2 falchion of electrocution!!
* * * LOW HITPOINT WARNING * * *
The minotaur gores you!
* * * LOW HITPOINT WARNING * * *
You hit the minotaur.
The minotaur is heavily wounded.
The minotaur hits you with a +2 falchion of electrocution.
* * * LOW HITPOINT WARNING * * *
You are electrocuted!
* * * LOW HITPOINT WARNING * * *
The minotaur gores you but does no damage.
As you read the scroll of fear, it crumbles to dust.
You assume a fearsome visage.
The minotaur resists with some effort.
The minotaur closely misses you. The minotaur gores you.
* * * LOW HITPOINT WARNING * * *
Blink to where?
Press: ? - help, Dir - move target
As you read the scroll of blinking, it crumbles to dust.
You feel drained.
You fail to use your ability.
Throw: 6 darts (curare)
Press: ? - help, Shift-Dir - straight line, f - minotaur
Aim: a minotaur, wielding a +2 falchion of electrocution, wearing a +0 plate armour and quivering silver javelins (severely wounded, very poisoned, umbra, 80% to hit)
You throw a curare-tipped dart.
The curare-tipped dart hits the minotaur.
The minotaur looks as sick as possible!
The minotaur convulses.
The minotaur seems to slow down.
The minotaur is almost dead.
Aiming: Throw Flame
Press: ? - help, Shift-Dir - straight line, f/p - minotaur
Aim: a minotaur, wielding a +2 falchion of electrocution, wearing a +0 plate armour and quivering silver javelins (almost dead, extremely poisoned, slow, umbra, 86% to hit)
The puff of flame hits the minotaur but does no damage.
The minotaur is almost dead.
The minotaur throws a silver javelin.
The silver javelin pierces through you!!
You die...

#≈≈∩≈≈# #≈...≈# ###H### #.....#
#######H####### #.............#
#.###.###.###.# #.###.###.###.#
#....@..H.....# ###.###.###.###
#####.###.###.#####
#.................#
#.♣.♣.©.©.©.©.♣.♣.#
#.................# ### ###
##################### ###
#≈###≈###≈###...........###≈###≈#
≈≈≈#≈≈≈#≈≈≈#..♣.......♣..#≈≈≈#≈≈≈


You could see a minotaur (extremely poisoned, slow).

Vanquished Creatures
  A hydra (Gauntlet)
  A two-headed ogre (D:9)
  2 boulder beetles (D:9)
  A fire crab (Gauntlet)
  A lindwurm (D:9)
  A torpor snail (Gauntlet)
  Jeremiah (D:8)
  An ice statue (Gauntlet)
  Maggie (D:6)
  A rime drake (Gauntlet)
  3 trolls
  3 slime creatures (D:9)
  A jumping spider (D:9)
  A shadow (D:9)
  A wraith (D:11)
  4 fire bats (Gauntlet)
  6 yaks (D:11)
  3 steam dragons
  Menkaure (D:6)
  2 vampire mosquitoes (D:11)
  A redback (D:9)
  An acid dragon (D:10)
  Duvessa (D:6)
  A water moccasin (D:8)
  An ice beast (D:6)
  9 orc warriors
  A sky beast (D:7)
  An ogre (D:5)
  2 centaurs
  3 wolves (D:10)
  3 phantoms
  5 kobold brigands
  2 bullfrogs
  A gnoll sergeant (D:10)
  3 scorpions
  14 wights
  Dowan (D:6)
  4 howler monkeys
  3 electric eels
  2 lava snakes (D:9)
  A spectral bullfrog (D:6)
  A bullfrog zombie (D:6)
  5 jellies
  8 orc priests
  A gnoll bouda (D:4)
  8 hounds
  A water moccasin simulacrum (D:6)
  A sleepcap (D:7)
  5 iguanas
  Terence (D:3)
  10 orc wizards
  12 gnolls
  7 adders
  4 white imps
  An ufetubus (D:6)
  4 worms
  4 dart slugs
  32 orcs
  13 ball pythons
  7 endoplasms
  3 giant cockroaches
  8 goblins
  12 hobgoblins
  4 jackals (D:4)
  2 quokkas
  5 bats
  3 frilled lizards
  28 kobolds
  7 rats
  A spectral orc (D:6)
294 creatures vanquished.

Vanquished Creatures (others)
  A bullfrog skeleton (D:6)
1 creature vanquished.

Grand Total: 295 creatures vanquished

Notes
Turn   | Place    | Note
-------+----------+-------------------------------------------
     0 | D:1      | IdlyInterested the Demonspawn Fighter began the quest for
                  | the Orb.
     0 | D:1      | Reached XP level 1. HP: 18/18 MP: 1/1
   150 | D:1      | Gained mutation: Your demonic aura sometimes causes spilled
                  | blood to erupt in flames. [demonic ancestry]
   150 | D:1      | Reached XP level 2. HP: 24/24 MP: 2/2
   227 | D:1      | Got the Handbook of White Sidekicks
   359 | D:1      | Found Zaymiad's Book Shoppe.
   559 | D:2      | Reached XP level 3. HP: 27/30 MP: 3/3
   560 | D:2      | Reached skill level 1 in Dodging
   827 | D:2      | Reached XP level 4. HP: 37/37 MP: 4/4
  1025 | D:2      | Found Eroumeef's Antique Armour Boutique.
  1711 | D:3      | Identified the +11 dagger of Action {holy, Str+3}
  1802 | D:3      | Found an ornate altar of the Wu Jian Council.
  1822 | D:3      | Noticed Terence
  1833 | D:3      | Killed Terence
  2027 | D:3      | Gained mutation: You have a pair of small horns on your
                  | head. [demonic ancestry]
  2027 | D:3      | Reached XP level 5. HP: 42/43 MP: 5/5
  2129 | D:3      | Found an opulent altar of Gozag.
  3032 | D:4      | Found a blossoming altar of Fedhas.
  3052 | D:4      | Reached skill level 5 in Fighting
  3213 | D:4      | Found a shadowy altar of Dithmenos.
  3253 | D:4      | Found a stormy altar of Qazlal.
  3255 | D:4      | Found a snail-covered altar of Cheibriados.
  3317 | D:5      | Entered Level 5 of the Dungeon
  3406 | D:5      | Reached XP level 6. HP: 51/51 MP: 6/6
  3417 | D:5      | Found an iron altar of Okawaru.
  3499 | D:5      | Reached skill level 1 in Stealth
  3907 | D:5      | Reached XP level 7. HP: 49/56 MP: 7/7
  4576 | D:6      | Found a basalt altar of Yredelemnul.
  4615 | D:6      | Reached skill level 1 in Shapeshifting
  4632 | D:6      | Reached skill level 5 in Short Blades
  4632 | D:6      | Reached skill level 1 in Throwing
  4654 | D:6      | Gained mutation: You are partially covered in icy blue
                  | scales. (AC +2) [demonic ancestry]
  4654 | D:6      | Reached XP level 8. HP: 61/63 MP: 8/8
  4705 | D:6      | Noticed Menkaure
  4709 | D:6      | Killed Menkaure
  4713 | D:6      | Found a staircase to the Ecumenical Temple.
  4743 | Temple   | Entered the Ecumenical Temple
  4824 | D:6      | Noticed Maggie
  4831 | D:6      | Killed Maggie
  5093 | D:6      | Noticed Duvessa
  5093 | D:6      | Noticed Dowan
  5112 | D:6      | Killed Duvessa
  5118 | D:6      | Killed Dowan
  5119 | D:6      | Reached skill level 5 in Shields
  5124 | D:6      | Gained mutation: You have a pair of horns on your head.
                  | [demonic ancestry]
  5124 | D:6      | Reached XP level 9. HP: 72/72 MP: 9/9
  5169 | D:6      | Identified a scroll of acquirement
  5169 | D:6      | Acquired the amulet "Ylinicy" {RegenMP *Slow Regen+ SInv
                  | Stlth+}
  5425 | D:6      | Reached skill level 5 in Stealth
  5500 | D:6      | Identified the +5 dagger "Biraniz" {pain, rCorr Dex+3 SInv}
  5781 | D:2      | Bought a pitted kite shield for 294 gold pieces
  5781 | D:2      | Identified the +4 kite shield of the Falcon {Harm} (You
                  | bought it in a shop on level 2 of the Dungeon)
  6150 | D:7      | Found a sparkling altar of Nemelex Xobeh.
  6893 | D:8      | Noticed Jeremiah
  6907 | D:8      | Killed Jeremiah
  6914 | D:8      | Gained mutation: You sometimes gain a little power by
                  | taking damage. [demonic ancestry]
  6914 | D:8      | Reached XP level 10. HP: 55/80 MP: 10/10
  7596 | D:9      | Found a staircase to the Orcish Mines.
  7939 | D:9      | Noticed a lindwurm
  8156 | D:9      | Reached skill level 1 in Evocations
  8453 | D:9      | Found a runed translucent door.
  8475 | D:9      | Noticed a two-headed ogre
  8477 | D:9      | Killed a two-headed ogre
  8664 | D:9      | Noticed a lindwurm
  8763 | D:9      | Found a runed translucent gate.
  8763 | D:9      | Noticed a boulder beetle
  8764 | D:9      | Found a runed translucent gate.
  8765 | D:9      | Found a runed translucent gate.
  8765 | D:9      | Found a runed translucent gate.
  8765 | D:9      | Found a runed translucent gate.
  8765 | D:9      | Identified the +5 whip of the Slashing Ass {freeze, Str+3}
  8765 | D:9      | Noticed a lindwurm
  8765 | D:9      | Noticed a boulder beetle
  8766 | D:9      | Found a runed translucent gate.
  8771 | D:9      | Found the ring of Shadows {Umbra +Inv Stlth+}
  8794 | D:9      | Killed a boulder beetle
  8795 | D:9      | Reached skill level 10 in Fighting
  8800 | D:9      | Killed a boulder beetle
  8801 | D:9      | Gained mutation: You sometimes gain power by taking damage.
                  | [demonic ancestry]
  8801 | D:9      | Reached XP level 11. HP: 15/90 MP: 11/11
  8879 | D:9      | Killed a lindwurm
  8995 | D:9      | Noticed a lindwurm
  9046 | D:10     | Entered Level 10 of the Dungeon
  9105 | D:10     | Found a staircase to the Lair.
 10087 | D:11     | Found a gate leading to a gauntlet.
 10094 | Gauntlet | Entered a Gauntlet
 10094 | Gauntlet | Found a transporter.
 10103 | Gauntlet | Found a transporter.
 10104 | Gauntlet | Found a transporter.
 10122 | Gauntlet | Found a transporter.
 10123 | Gauntlet | Found a transporter.
 10125 | Gauntlet | Noticed a white ugly thing
 10126 | Gauntlet | Found a runed translucent door.
 10127 | Gauntlet | Noticed a glowing orange brain
 10130 | Gauntlet | Found a runed translucent door.
 10131 | Gauntlet | Noticed a glowing orange brain
 10131 | Gauntlet | Noticed a green ugly thing
 10135 | Gauntlet | Found a transporter.
 10153 | Gauntlet | Noticed a hell beast
 10154 | Gauntlet | Found a transporter.
 10162 | Gauntlet | Found a transporter.
 10179 | Gauntlet | Found a transporter.
 10183 | Gauntlet | Found a transporter.
 10183 | Gauntlet | Noticed a four-headed hydra
 10205 | Gauntlet | Found a transporter.
 10205 | Gauntlet | Found a transporter.
 10205 | Gauntlet | Noticed a fire crab
 10235 | Gauntlet | Found a transporter.
 10236 | Gauntlet | Noticed a six-headed hydra
 10239 | Gauntlet | Found a transporter.
 10393 | Gauntlet | Killed a fire crab
 10394 | Gauntlet | Reached skill level 10 in Short Blades
 10478 | Gauntlet | Identified the +1 pair of gloves of the Meadowlark {rPois
                  | Int-4 Dex+4}
 10481 | Gauntlet | Killed a six-headed hydra
 10563 | Gauntlet | Noticed a minotaur
 10576 | Gauntlet | HP: 3/92 [minotaur/+2 falchion of electrocution (13)]
 10587 | Gauntlet | Hit by a silver javelin thrown by a minotaur

Illustrated notes

Levels and vault maps discovered:
D:1:      giann_horns, layout_rooms, serial_shops,
          nicolae_shop_pleasant_corner_grove, minmay_bisected
D:2:      minmay_general_purpose_star, layout_loops_ring, serial_shops, shop
D:3:      layout_basic, mainiacjoe_overflow_24_doors, grunt_gozag_statues,
          serial_bayou, serial_bayou_shore_b, serial_bayou_lagoon_b,
          serial_bayou_crossing, serial_bayou_pond_c, serial_bayou_pond_d,
          uniq_terence
D:4:      layout_rooms, tso_metal_star, fedhas_altar_1,
          nicolae_overflow_hidden_temple, kennysheep_generic_room_11
D:5:      layout_basic, marbit_many_paths
D:6:      layout_cave_pods, yredelemnul_forgotten_temple_becter,
          dilly_guarded_unrand_morg, uniq_duvessa, uniq_menkaure, uniq_maggie
D:7:      layout_loops_corners, lemuel_tele_altar
D:8:      layout_cave_pools, hangedman_decor_lopped, water_boxes_lemuel,
          uniq_jeremiah
D:9:      gammafunk_indiana_jones, layout_basic, erik_orc_2,
          minmay_lindwurm_lava
D:10:     layout_irregular_city, erik_lair_island
D:11:     layout_roguey, portal_ice_cave_demonic_guard, gauntlet_entry_generic,
          serial_curves, eino_curves_03, eino_curves_03, eino_curves_02,
          chequers_serial_rivers_micro_b, minmay_guarded_unrand_vampires_tooth
Temple:   nicolae_temple_ecumenical_triangle
Gauntlet: minmay_gauntlet_77_tree [minmay_gauntlet_arena_77_checkered,
          minmay_gauntlet_arena_77_mess, minmay_gauntlet_arena_77_box,
          minmay_gauntlet_arena_77_museum, minmay_gauntlet_arena_77_two_paths,
          minmay_gauntlet_arena_77_mirror, minmay_gauntlet_arena_77_cramped,
          gauntlet_exit_watery]

Skill      XL: |  1  2  3  4  5  6  7  8  9 10 11 |
---------------+----------------------------------+-----
Short Blades   | 2 4 5 7 8 10 | 10.0
Armour         | 3 4 |  4.0
Dodging        | 1 2 3 4 |  4.0
Fighting       | 4 5 7 8 10 | 10.7
Shields        | 3 5 6 7 |  7.5
Stealth        | 2 3 4 5 6 7 |  7.0
Shapeshifting  | 1 |  1.0
Throwing       | 1 |  1.0
Evocations     | 1 4 |  4.0

Action                     |  1- 3 |  4- 6 |  7- 9 | 10-12 || total
---------------------------+-------+-------+-------+-------++-------
  Melee: Rapier            |    74 |   142 |   120 |       ||   336
         Headbutt          |       |    13 |    37 |    88 ||   138
         Dagger            |       |       |    49 |   300 ||   349
         Short sword       |       |       |       |    17 ||    17
  Throw: Stone             |     7 |     6 |    23 |    11 ||    47
         Dart              |       |       |    12 |     7 ||    19
         Boomerang         |       |       |     2 |       ||     2
  Evoke: Wand              |       |       |       |     1 ||     1
    Use: Scroll            |     3 |     8 |     5 |     5 ||    21
         Potion            |       |     5 |     3 |     5 ||    13
   Stab: Sleeping          |       |       |     2 |    14 ||    16
         Distracted        |       |       |     1 |     3 ||     4
 Armour: Scale mail        |    26 |    40 |       |       ||    66
         Skin              |       |     3 |       |       ||     3
         Chain mail        |       |     4 |    21 |       ||    25
         Steam dragon scal |       |       |    37 |    67 ||   104
  Dodge: Dodged            |    26 |    39 |    85 |   107 ||   257
  Block: Buckler           |    19 |    21 |    22 |       ||    62
         Kite shield       |       |       |    32 |   212 ||   244

Table legend: (Time is in decaauts)
 A = Elapsed time spent in this place.
 B = Non-inter-level travel time spent in this place.
 C = Inter-level travel time spent in this place.
 D = Time resting spent in this place.
 E = Time spent auto-exploring this place.
 F = Levels seen in this place.
 G = Mean time per level.
                   A        B        C        D        E       F      G
               +--------+--------+--------+--------+--------+-----+--------+
         Total |  10574 |   8893 |   1681 |    654 |   5017 |  13 |  813.4 |
       Dungeon |  10067 |   8386 |   1681 |    563 |   5017 |  11 |  915.2 |
        Temple |     29 |     29 |      0 |      0 |      0 |   1 |   29.0 |
      Gauntlet |    477 |    477 |      0 |     91 |      0 |   1 |  477.0 |
               +--------+--------+--------+--------+--------+-----+--------+

Top non-repeatable levels by time:
     D:9: 1510 daAuts
     D:6: 1272 daAuts
     D:2: 1165 daAuts
     D:3: 1143 daAuts
     D:5: 1128 daAuts
     D:7: 990 daAuts
    D:10: 823 daAuts
     D:4: 708 daAuts
     D:8: 613 daAuts
     D:1: 611 daAuts
Gauntlet: 477 daAuts
    D:11: 99 daAuts
  Temple: 29 daAuts
